 Dungeon Crawl Stone Soup version 0.29-a0-284-gf9362112df (webtiles) character file.

Game seed: 2475929248367690103

63372 horus123 the Eclecticist (level 14, -7/79 HPs)
             Began as a Deep Elf Conjurer on Mar 16, 2022.
             Was a High Priest of Vehumet.
             Mangled by a wyvern (14 damage)
             ... on level 6 of the Lair of Beasts.
             The game lasted 01:12:11 (21900 turns).

horus123 the Eclecticist (Deep Elf Conjurer)       Turns: 21900, Time: 01:12:12

Health: -7/79      AC: 16    Str:  4    XL:     14   Next: 67%
Magic:  3/37       EV: 16    Int: 29    God:    Vehumet [*****.]
Gold:   1965       SH:  0    Dex: 13    Spells: 1/47 levels left

rFire   + + .      SeeInvis .   H - +3 Elemental Staff {rElec rF++ rC++ AC+5}
rCold   + + .      Faith    .   (no shield)
rNeg    . . .      Spirit   .   N - +2 robe of the Barnacled Hippo {Drain rElec rPois Will+ rCorr Archmagi}
rPois   +          Reflect  .   K - +0 helmet
rElec   +          Harm     .   C - +1 cloak
rCorr   +          Rampage  .   I - +1 pair of gloves
Will    ++...      Archmagi +   p - +1 pair of boots
Stlth   ++........              b - amulet of magic regeneration
HPRegen 0.23/turn               o - ring of flight
MPRegen 0.65/turn               a - +4 ring of evasion

@: unable to drink, flying
A: no striking features
a: Renounce Religion


You were on level 6 of the Lair of Beasts.
You worshipped Vehumet.
Vehumet was extremely pleased with you.
You visited 2 branches of the dungeon, and saw 18 of its levels.
You also visited: Volcano.

You collected 2537 gold pieces.
You spent 572 gold pieces at shops.

Inventory:

Hand Weapons
 y - a +5 dagger of venom
 H - the +3 Elemental Staff (weapon) {rElec rF++ rC++ AC+5}
   (You found it on level 11 of the Dungeon)

   If the wielder is skilled in Evocations, they can discharge powerful blasts
   of elemental energy when striking with it.
   It enhances your fire, ice, earth and air magic.
   AC:        It affects your AC (+5).
   rF:        It greatly protects you from fire.
   rC:        It greatly protects you from cold.
   rElec:     It insulates you from electricity.
Missiles
 v - 4 throwing nets
Armour
 p - a +1 pair of boots (worn)
 A - +0 steam dragon scales
 C - a +1 cloak (worn)
 I - a +1 pair of gloves (worn)
 K - a +0 helmet (worn)
 N - the +2 robe of the Barnacled Hippo (worn) {Drain rElec rPois Will+ rCorr Archmagi}
   (You found it on level 5 of the Lair of Beasts)

   rElec:     It insulates you from electricity.
   rPois:     It protects you from poison.
   rCorr:     It protects you from acid and corrosion.
   Drain:     It drains your maximum health when unequipped.
   Archmagi:  It increases the power of your magical spells.
   Will:      It increases your willpower.
Magical Staves
 d - a staff of conjuration
 h - a staff of earth
Jewellery
 a - a +4 ring of evasion (right hand)
 b - an amulet of magic regeneration (around neck)
 g - a +4 ring of slaying
 o - a ring of flight (left hand)
 D - a ring of see invisible
 J - an amulet of reflection
Wands
 n - a wand of flame (23)
 x - a wand of mindburst (40)
 G - a wand of iceblast (13)
Scrolls
 c - 5 scrolls of teleportation
 m - 5 scrolls of summoning
 q - 2 scrolls of fear
 F - 2 scrolls of enchant weapon
 M - 2 scrolls of identify
Potions
 e - 4 potions of degeneration
 f - a potion of berserk rage
 i - 4 potions of might
 j - 3 potions of lignification
 k - 2 potions of invisibility
 l - 3 potions of attraction
 r - 2 potions of mutation
 s - 3 potions of resistance
 t - 5 potions of curing
 u - 4 potions of brilliance
 z - 3 potions of haste {unknown}
 B - a potion of flight {unknown}
 E - 3 potions of cancellation {unknown}
 L - a potion of magic


   Skills:
 - Level 5.7 Fighting
 - Level 2.4 Dodging
 - Level 2.4 Stealth
 - Level 17.0 Spellcasting
 - Level 10.0 Conjurations
 - Level 9.4 Hexes
 - Level 7.3 Translocations
 + Level 8.4 Transmutations
 - Level 6.3 Fire Magic
 - Level 12.2 Ice Magic
 - Level 8.8 Air Magic
 - Level 6.0 Poison Magic


You had one spell level left.
You knew the following spells:

 Your Spells              Type           Power      Damage    Failure   Level
a - Magic Dart            Conj           100%       1d8       1%          1
b - Searing Ray           Conj           100%       2d8       1%          2
c - Fulminant Prism       Conj/Hex       44%        3d20      1%          4
d - Hailstorm             Conj/Ice       100%       3d20      1%          4
e - Iskenderun's Mystic   Conj/Tloc      85%        2d17      1%          4
f - Poisonous Vapours     Pois/Air       100%       N/A       1%          2
g - Ignite Poison         Fire/Tmut/Pois 98%        N/A       1%          3
h - Inner Flame           Hex/Fire       100%       N/A       1%          3
i - Flame Wave            Conj/Fire      100%       2d17      1%          4
j - Freezing Cloud        Conj/Ice/Air   68%        6-21      1%          5
k - Corpse Rot            Necr/Air       100%       N/A       1%          2
l - Lightning Bolt        Conj/Air       54%        1d76      1%          5
m - Ozocubu's Refrigerat  Ice            60%        4d17      2%          7

Your spell library contained the following spells:

 Spells                   Type           Power      Damage    Failure   Level
 Starburst                Conj/Fire      52%        6d14      2%          6
 Freeze                   Ice            100%       1d11      0%          1
 Slow                     Hex            100%       N/A       1%          1
 Confusing Touch          Hex            87%        N/A       1%          3
 Conjure Flame            Conj/Fire      100%       6-21      1%          3
 Dazzling Flash           Conj/Hex       100%       N/A       1%          3
 Frozen Ramparts          Ice            100%       1d12      1%          3
 Tukima's Dance           Hex            87%        N/A       1%          3
 Passage of Golubria      Tloc           79%        N/A       1%          4
 Sticky Flame             Conj/Fire      100%       2d11      1%          4
 Yara's Violent Unravell  Hex/Tmut       42%        3d17      1%          5
 Vampiric Draining        Necr           36%        2d8       5%          3


Dungeon Overview and Level Annotations

Branches:
Dungeon (12/15)            Temple (0/1) D:5            Lair (6/6) D:10
  Swamp (0/4) Lair:3        Snake (0/4) Lair:3        Slime (0/5) Lair:5
    Orc (0/2) D:12        Volcano (visited)

Altars:
Ashenzari
Cheibriados
Dithmenos
Gozag
Hepliaklqana
Makhleb
Nemelex Xobeh
Uskayaw
Vehumet
Xom
Yredelemnul
Jiyva

Shops:
D:5 (   D:9 *   D:11 [(?!!

Annotations:
Lair:1 1 exclusion


Message History

The cane toad completely misses you. The cane toad attacks as you move away!
The cane toad stings you!
* * * LOW HITPOINT WARNING * * *
You cannot drink potions in your current state!
Unknown command.
Blink to where?
Press: ? - help, Dir - move target
As you read the scroll of blinking, it crumbles to dust.
An elephant comes into view.
You cannot drink potions in your current state!
Unknown command.
Casting: Iskenderun's Mystic Blast (safe; 1% risk of failure)
Confirm with . or Enter, or press ? or * to list all spells.
You feel a surge of power!
You erupt in a blast of force!
The mystic blast hits the death yak!
You kill the death yak!
Vehumet accepts your kill.
The mystic blast hits the plant!
The plant begins to die.
The plant is lightly damaged.
The mystic blast hits the wyvern!
The wyvern is moderately wounded.
The wyvern is knocked back by the mystic blast.
You hear an angry hiss.
You hear a trumpeting!
An elephant comes into view.
You cannot drink potions in your current state!
Aiming: Iceblast
Press: ? - help, Shift-Dir - straight line The mass of ice explodes!
The iceblast engulfs the plant!
The plant is lightly damaged.
The iceblast engulfs the wyvern.
The wyvern is heavily wounded.
The elephant trumpets!
You cannot drink potions in your current state!
Aiming: Iceblast
Press: ? - help, Shift-Dir - straight line That beam is likely to hit you.
Continue anyway?
Okay, then.
Unknown command.
The wyvern bites you!
You die...

#≈≈≈≈≈[†!≈†.≈≈#≈≈
#≈≈≈#|≈≈(†††≈≈≈#
#≈≈≈#[≈≈$#†≈#.≈≈. #
#≈≈≈≈)†≈)#≈≈.#≈≈≈ .#
#≈≈≈≈##≈##.≈≈#..≈≈≈
#≈≈≈8≈≈≈≈8≈≈≈# .#
#⌠≈≈≈≈≈≈≈†P≈F# ≈##≈≈
##########Y#l#≈≈≈...
≈≈≈≈≈≈≈@≈≈.≈≈..
≈≈≈≈≈≈≈≈#≈≈##≈.
≈≈≈≈≈≈≈≈#≈≈≈#
#≈≈≈≈≈≈## ≈≈≈.
≈≈Y≈≈≈≈ P≈≈.#
#.Y##≈≈ ##.# ≈≈≈ ≈≈≈
.# .. .≈..


You could see a death yak, 2 elephants, a cane toad and a wyvern.

Vanquished Creatures
  Harold (D:9)
  3 hydras
  A boulder beetle (Lair:5)
  3 two-headed ogres
  A merfolk avatar (Lair:6)
  A dancing weapon (D:11)
  Erica (Lair:1)
  The ghost of Rohain the Thaumaturge, a journeyman DjFE of Makhleb (D:11)
  19 death yaks
  Urug (D:11)
  A sea snake (Lair:6)
  A deep elf archer (Volcano)
  A lindwurm (Lair:3)
  6 deep elf pyromancers (Volcano)
  2 harpies (Lair:6)
  A cyclops (D:11)
  16 elephants
  5 black mambas
  Maggie (D:9)
  3 rime drakes
  8 cane toads
  17 komodo dragons
  5 trolls
  3 meliai (D:12)
  2 slime creatures (D:12)
  2 hornets (Lair:6)
  14 blink frogs
  4 snapping turtles (Lair:6)
  A wind drake (Lair:6)
  Sigmund (D:4)
  A shadow (D:12)
  6 wyverns
  A basilisk (Lair:3)
  46 yaks
  4 fire elementals (Volcano)
  Grum (D:9)
  2 steam dragons
  6 vampire mosquitoes
  2 acid dragons
  A two-headed ogre zombie (D:12)
  21 water moccasins
  6 hell hounds (Volcano)
  An ice beast (D:6)
  2 black bears
  2 orc warriors
  3 sky beasts
  23 wolves
  2 ogres
  5 centaurs
  2 phantoms
  2 kobold brigands
  12 bullfrogs
  5 necrophages
  4 scorpions
  7 wights
  A troll zombie (D:12)
  4 killer bees (D:9)
  2 howler monkeys
  A centaur zombie (D:8)
  An orc priest (D:12)
  A human zombie (D:8)
  2 hounds (D:6)
  3 iguanas
  10 orc wizards
  A killer bee zombie (D:8)
  3 ogre zombies (D:12)
  2 mummies (D:8)
  8 gnolls
  7 adders
  2 white imps
  An ufetubus (D:6)
  2 worms
  2 dart slugs
  26 orcs
  4 bats (D:1)
  6 endoplasms
  2 giant cockroaches
  9 goblins
  9 hobgoblins
  9 jackals
  6 quokkas
  7 ball pythons
  2 frilled lizards
  2 hobgoblin skeletons (D:12)
  A hobgoblin zombie (D:12)
  13 kobolds
  5 orc skeletons (D:12)
  9 orc zombies (D:12)
  9 rats
465 creatures vanquished.

Vanquished Creatures (collateral kills)
  A cyclops (D:12)
  A troll zombie (D:12)
  An ogre zombie (D:12)
  A hobgoblin skeleton (D:12)
4 creatures vanquished.

Vanquished Creatures (others)
  2 bushes (Lair:6)
  6 fulminant prisms
  51 fungi
  57 plants
116 creatures vanquished.

Grand Total: 585 creatures vanquished

Notes
Turn   | Place    | Note
-------+----------+-------------------------------------------
     0 | D:1      | horus123 the Deep Elf Conjurer began the quest for the Orb.
     0 | D:1      | Reached XP level 1. HP: 10/10 MP: 6/6
   185 | D:1      | Reached skill level 4 in Spellcasting
   185 | D:1      | Reached XP level 2. HP: 15/15 MP: 5/9
   865 | D:2      | Reached XP level 3. HP: 19/19 MP: 8/11
   970 | D:2      | Reached skill level 5 in Spellcasting
  1618 | D:1      | Learned a level 2 spell: Searing Ray
  1623 | D:2      | Reached skill level 5 in Conjurations
  1899 | D:2      | Reached XP level 4. HP: 24/24 MP: 8/13
  2892 | D:3      | Found a faded altar of an unknown god.
  2939 | D:3      | Noticed an ogre
  2945 | D:3      | Killed an ogre
  2946 | D:3      | Reached XP level 5. HP: 28/28 MP: 7/14
  3093 | D:3      | Found a broken altar of Ashenzari.
  3644 | D:3      | Reached XP level 6. HP: 32/32 MP: 12/15
  3910 | D:4      | Learned a level 4 spell: Fulminant Prism
  3915 | D:4      | Learned a level 4 spell: Hailstorm
  3920 | D:4      | Learned a level 4 spell: Iskenderun's Mystic Blast
  3924 | D:4      | Found a sparkling altar of Nemelex Xobeh.
  3977 | D:4      | Noticed Sigmund
  3981 | D:4      | Killed Sigmund
  4289 | D:4      | Found a snail-covered altar of Cheibriados.
  4289 | D:4      | Found a faded altar of an unknown god.
  4297 | D:4      | Found a hide-covered altar of Uskayaw.
  4299 | D:4      | Found a radiant altar of Vehumet.
  4301 | D:4      | Found a burning altar of Makhleb.
  4305 | D:4      | Became a worshipper of Vehumet
  4331 | D:5      | Entered Level 5 of the Dungeon
  4339 | D:5      | Reached skill level 5 in Hexes
  4579 | D:5      | Identified the +0 leather armour of Filth {rElec rF+ Str+4}
  4679 | D:4      | Reached XP level 7. HP: 36/36 MP: 10/16
  5195 | D:5      | Found Jagos's Weapon Shop.
  5462 | D:5      | Found a staircase to the Ecumenical Temple.
  5939 | D:5      | Identified a scroll of acquirement
  5939 | D:5      | Acquired a staff of conjuration
  6325 | D:5      | Reached XP level 8. HP: 14/41 MP: 10/17
  6653 | D:6      | Reached * piety under Vehumet
  6653 | D:6      | Offered knowledge of Shock by Vehumet.
  6654 | D:6      | Reached skill level 6 in Spellcasting
  6905 | D:6      | Reached skill level 7 in Spellcasting
  7244 | D:6      | Reached skill level 8 in Spellcasting
  7479 | D:6      | Found a shadowy altar of Dithmenos.
  7771 | D:7      | Reached skill level 9 in Spellcasting
  8310 | D:7      | Reached skill level 10 in Spellcasting
  8357 | D:7      | Reached XP level 9. HP: 45/45 MP: 18/25
  8767 | D:7      | Reached skill level 10 in Conjurations
  9081 | D:7      | Reached skill level 1 in Translocations
  9431 | D:7      | Offered knowledge of Poisonous Vapours by Vehumet.
  9434 | D:7      | Reached ** piety under Vehumet
  9435 | D:7      | Reached skill level 5 in Translocations
  9567 | D:7      | Learned a level 2 spell: Poisonous Vapours
  9571 | D:7      | Learned a level 3 spell: Ignite Poison
 10222 | D:8      | Reached XP level 10. HP: 36/50 MP: 10/26
 11278 | D:8      | Found a basalt altar of Yredelemnul.
 11292 | D:8      | Reached skill level 1 in Poison Magic
 12025 | D:9      | Found an opulent altar of Gozag.
 12028 | D:9      | Found Gozag's Platinum Reserve.
 12094 | D:9      | Noticed Harold
 12103 | D:9      | Killed Harold
 12104 | D:9      | Reached skill level 5 in Poison Magic
 12377 | D:9      | Offered knowledge of Inner Flame by Vehumet.
 12479 | D:9      | Reached skill level 1 in Fire Magic
 12686 | D:9      | Identified the +5 chain mail of Dramatic Exits {Dex+3}
 12718 | D:9      | Found a hazy altar of Hepliaklqana.
 12949 | D:9      | Noticed Maggie
 12952 | D:9      | Killed Maggie
 13045 | D:9      | Noticed Grum
 13048 | D:9      | Killed Grum
 13243 | D:9      | Reached skill level 5 in Fire Magic
 13244 | D:9      | Reached *** piety under Vehumet
 13451 | D:10     | Entered Level 10 of the Dungeon
 13464 | D:10     | Reached skill level 1 in Ice Magic
 13464 | D:10     | Reached XP level 11. HP: 54/54 MP: 19/27
 13779 | D:10     | Learned a level 3 spell: Inner Flame
 13785 | D:10     | Found a staircase to the Lair.
 14053 | D:10     | Offered knowledge of Flame Wave by Vehumet.
 14284 | D:10     | Learned a level 4 spell: Flame Wave
 14299 | D:11     | Found Pozxos's Distillery.
 14405 | D:11     | Noticed Urug
 14417 | D:11     | Killed Urug
 14418 | D:11     | Reached skill level 11 in Spellcasting
 14421 | D:11     | Found Ziakas's Distillery.
 14563 | D:11     | Found Zeom's Magic Scroll Emporium.
 14570 | D:11     | Bought a scroll of acquirement for 572 gold pieces
 14570 | D:11     | Acquired 556 gold pieces
 14609 | D:11     | Found Nomewul's Armour Boutique.
 14711 | D:11     | Found Acaoni's Antique Weapon Boutique.
 14718 | D:11     | Noticed a two-headed ogre
 14723 | D:11     | Killed a two-headed ogre
 14724 | D:11     | Reached skill level 12 in Spellcasting
 14912 | D:11     | You are sucked into a shaft and drop 1 floor!
 14919 | D:12     | Reached skill level 13 in Spellcasting
 14957 | D:12     | Reached **** piety under Vehumet
 14972 | D:12     | Offered knowledge of Freezing Cloud by Vehumet.
 14979 | D:12     | Learned a level 5 spell: Freezing Cloud
 15006 | D:12     | Found a staircase to the Orcish Mines.
 15025 | D:12     | Noticed a two-headed ogre
 15029 | D:12     | Reached skill level 5 in Ice Magic
 15042 | D:12     | Killed a two-headed ogre
 15178 | D:11     | Found a runed translucent door.
 15178 | D:11     | Noticed a two-headed ogre
 15179 | D:11     | Found a shimmering altar of Xom.
 15179 | D:11     | Noticed Rohain's ghost (journeyman DjFE)
 15179 | D:11     | Found the +3 Elemental Staff {rElec rF++ rC++ AC+5}
 15181 | D:11     | Noticed a +1 scimitar of chaos
 15186 | D:11     | Killed a two-headed ogre
 15276 | D:11     | Killed Rohain's ghost
 15276 | D:11     | Reached ***** piety under Vehumet
 15276 | D:11     | Killed a +1 scimitar of chaos
 15277 | D:11     | Reached XP level 12. HP: 43/59 MP: 11/31
 15487 | Lair:1   | Entered Level 1 of the Lair of Beasts
 15615 | Lair:1   | Offered knowledge of Lightning Bolt by Vehumet.
 15676 | Lair:1   | Reached skill level 14 in Spellcasting
 15899 | Lair:1   | Found a shimmering altar of Xom.
 15903 | Lair:1   | Reached skill level 1 in Air Magic
 16156 | Lair:1   | Acquired 734 gold pieces
 16446 | Lair:1   | Noticed Erica
 16452 | Lair:1   | Killed Erica
 16962 | Lair:2   | Reached skill level 5 in Air Magic
 16989 | Lair:2   | Learned a level 2 spell: Corpse Rot
 16995 | Lair:2   | Learned a level 5 spell: Lightning Bolt
 17216 | Lair:2   | Noticed a five-headed hydra
 17218 | Lair:2   | Killed a five-headed hydra
 18267 | Lair:3   | Reached XP level 13. HP: 63/63 MP: 28/33
 18353 | Lair:3   | Reached skill level 15 in Spellcasting
 18412 | Lair:3   | You are sucked into a shaft and drop 3 floors!
 18412 | Lair:6   | Entered Level 6 of the Lair of Beasts
 18454 | Lair:4   | Found a dark tunnel.
 18465 | Volcano  | Entered a volcano
 18619 | Volcano  | Reached skill level 16 in Spellcasting
 18791 | Volcano  | Identified the +5 broad axe of a Gauntlet {vamp, rElec
                  | Int+4}
 18887 | Lair:4   | Reached skill level 17 in Spellcasting
 19012 | Lair:4   | Offered knowledge of Ozocubu's Refrigeration by Vehumet.
 19013 | Lair:4   | Reached skill level 1 in Fighting
 19023 | Lair:4   | Learned a level 7 spell: Ozocubu's Refrigeration
 19034 | Lair:4   | Reached skill level 5 in Fighting
 20197 | Lair:3   | Found a staircase to the Swamp.
 20315 | Lair:3   | Reached skill level 10 in Ice Magic
 20338 | Lair:3   | Reached XP level 14. HP: 77/79 MP: 21/37
 20368 | Lair:3   | Found a staircase to the Snake Pit.
 21184 | Lair:5   | Identified the +2 robe of the Barnacled Hippo {Drain rElec
                  | rPois Will+ rCorr Archmagi}
 21231 | Lair:5   | Found a viscous altar of Jiyva.
 21231 | Lair:5   | Found a staircase to the Slime Pits.
 21449 | Lair:5   | Reached skill level 1 in Transmutations
 21728 | Lair:6   | Offered knowledge of Starburst by Vehumet.
 21786 | Lair:6   | Reached skill level 5 in Transmutations
 21878 | Lair:6   | Identified the +0 robe of Wuenixat {Int+3 Dex+3}
 21900 | Lair:6   | Mangled by a wyvern

Illustrated notes

Levels and vault maps discovered:
D:1:      enne_arrival_octagon_isle, layout_rooms, minmay_misc_feat_plants
D:2:      layout_basic, minmay_misc_feat_pillars, minmay_door_square,
          nrook_mini_backslash, minmay_circle_x
D:3:      layout_loops_ring, ashenzari_conservatory_becter,
          shapermc_ecumenical_altar_petra
D:4:      layout_loops_ring, chequers_temple_overflow_minitemple,
          mainiacjoe_overflow_alcove_1, uniq_sigmund
D:5:      layout_basic, minmay_temple_entry_trees, serial_shops,
          nicolae_shop_bloodbath_and_beyond
D:6:      layout_cave_pools, nicolae_dithmenos_shadow_blocks
D:7:      layout_loops_cross, minmay_joined_circles
D:8:      layout_basic, lemuel_mausoleum_altar_yredelemnul, enter_bailey_5
D:9:      layout_basic, nicolae_gozag_zags_fifth_avenue,
          mainiacjoe_overflow_boulevard, uniq_harold, uniq_maggie, uniq_grum
D:10:     layout_basic, lair_entry_dummy
D:11:     layout_roguey, serial_shops,
          nicolae_shop_temple_entry_statues_fountains, shop,
          nicolae_shop_hallway_stairs, shop, shop, ebering_ghost_xom, uniq_urug
D:12:     layout_rooms, zombieorc2_lemuel
Lair:1:   layout_hall_layers, lemuel_centaur_altar, uniq_erica
Lair:2:   layout_layer_cave
Lair:3:   layout_roguey, swamp_mist_pool, dummy_snake_entry, grunt_megastairs_2
Lair:4:   layout_hall_layers, enter_volcano_2
Lair:5:   layout_cave_pods, slime_altar_1, infiniplex_staircase_pool_2,
          lemuel_fruit_fields, uniq_rupert
Lair:6:   gammafunk_lair_ancient_temple, layout_loops_ring,
          gauntlet_entry_generic, chequers_serial_rivers_small_3,
          lemuel_fruit_tree

Skill      XL: |  1  2  3  4  5  6  7  8  9 10 11 12 13 14 |
---------------+-------------------------------------------+-----
Spellcasting   | 4 5 10 13 14 17 | 17.0
Conjurations   | 5 6 7 10 | 10.0
Hexes          | 5 8 9 |  9.4
Translocations | 6 7 |  7.3
Poison Magic   | 6 |  6.0
Fire Magic     | 6 |  6.3
Ice Magic      | 1 8 9 10 12 | 12.2
Air Magic      | 8 |  8.8
Fighting       | 5 |  5.7
Transmutations | 8 |  8.4
Dodging        | |  2.4
Stealth        | |  2.4

Action                   |  1- 3 |  4- 6 |  7- 9 | 10-12 | 13-15 || total
-------------------------+-------+-------+-------+-------+-------++-------
Melee: Staff             |       |       |       |     2 |     3 ||     5
 Cast: Magic Dart        |    76 |    63 |   105 |    91 |    13 ||   348
       Searing Ray       |     1 |    11 |    39 |    48 |    13 ||   112
       Fulminant Prism   |       |       |     3 |     3 |       ||     6
       Iskenderun's Myst |       |       |     9 |    80 |    56 ||   145
       Hailstorm         |       |       |     1 |    19 |     4 ||    24
       Poisonous Vapours |       |       |       |    37 |    85 ||   122
       Ignite Poison     |       |       |       |    20 |    58 ||    78
       Freezing Cloud    |       |       |       |     6 |     9 ||    15
       Inner Flame       |       |       |       |     1 |     4 ||     5
       Lightning Bolt    |       |       |       |     6 |     2 ||     8
       Corpse Rot        |       |       |       |     2 |       ||     2
       Ozocubu's Refrige |       |       |       |       |     7 ||     7
       Flame Wave        |       |       |       |       |     1 ||     1
Evoke: Wand              |       |       |       |       |     1 ||     1
  Use: Scroll            |       |       |    14 |    10 |     6 ||    30
       Potion            |       |       |     2 |     1 |       ||     3
Armor: Robe              |     2 |     2 |    11 |     4 |     9 ||    28
       Steam dragon scal |       |       |       |    17 |    13 ||    30
Dodge: Dodged            |    22 |    15 |    38 |    68 |    44 ||   187

Table legend: (Time is in decaauts)
 A = Elapsed time spent in this place.
 B = Non-inter-level travel time spent in this place.
 C = Inter-level travel time spent in this place.
 D = Time resting spent in this place.
 E = Time spent auto-exploring this place.
 F = Levels seen in this place.
 G = Mean time per level.
                   A        B        C        D        E       F      G
               +--------+--------+--------+--------+--------+-----+--------+
         Total |  21903 |  20980 |    923 |   5166 |  12752 |  19 | 1152.8 |
       Dungeon |  15488 |  14807 |    681 |   4547 |   8338 |  12 | 1290.7 |
          Lair |   6010 |   5769 |    241 |    419 |   4414 |   6 | 1001.7 |
       Volcano |    404 |    404 |      0 |    200 |      0 |   1 |  404.0 |
               +--------+--------+--------+--------+--------+-----+--------+

Top non-repeatable levels by time:
     D:7: 2199 daAuts
     D:8: 1997 daAuts
     D:5: 1752 daAuts
     D:2: 1640 daAuts
     D:9: 1516 daAuts
  Lair:1: 1472 daAuts
  Lair:2: 1302 daAuts
  Lair:4: 1301 daAuts
     D:3: 1252 daAuts
     D:6: 1153 daAuts
     D:1: 1013 daAuts
    D:11: 995 daAuts
  Lair:5: 955 daAuts
     D:4: 927 daAuts
    D:10: 864 daAuts
